 Dungeon Crawl Stone Soup version 0.21-a0-153-g78480df (webtiles) character file.

292 Goblin1989 the Skirmisher (level 6, -1/49 HPs)
             Began as a Demonspawn Assassin on Aug 1, 2017.
             Splashed by Ijyb's acid (12 damage)
             ... on level 4 of the Dungeon.
             The game lasted 00:20:48 (5597 turns).

Goblin1989 the Skirmisher (Demonspawn Assassin)     Turns: 5597, Time: 00:20:49

Health: -1/49      AC:  3    Str: 13    XL:     6   Next: 10%
Magic:  0/6        EV: 12    Int: 12    God:
Gold:   69         SH:  4    Dex: 15    Spells: 5/5 levels left

rFire    . . .     SeeInvis .   w - +0 blowgun {@w1}
rCold    . . .     Gourm    .   R - +0 buckler
rNeg     . . .     Faith    .   c - +0 robe
rPois    .         Spirit   +   (no helmet)
rElec    .         Reflect  .   d - +0 cloak
rCorr    .         Harm     .   Q - +0 pair of gloves
MR       .....                  K - +0 pair of boots
Stlth    ++++......             (no amulet)
HPRegen  0.16/turn              (no ring)
MPRegen  0.10/turn              (no ring)

@: corroded
A: molten scales 1, nightstalker 1, magic shield
a: no special abilities


You were on level 4 of the Dungeon.
You were not hungry.

You visited 1 branch of the dungeon, and saw 4 of its levels.
You also visited: Sewer.

You collected 181 gold pieces.
You spent 112 gold pieces at shops.

Inventory:

Hand Weapons
 a - a +2 dagger
 w - a +0 blowgun (weapon) {@w1}
 E - a +0 whip
 J - a +1 whip of draining
Missiles
 f - 2 curare-tipped needles
 g - 13 poisoned needles (quivered)
 y - 53 arrows
 B - 63 stones
 X - 16 sling bullets
Armour
 c - a +0 robe (worn)
 d - a +0 cloak (worn)
 A - a cursed +0 scale mail
 K - a +0 pair of boots (worn)
 Q - a +0 pair of gloves (worn)
 R - a +0 buckler (worn)
Scrolls
 P - 5 scrolls of teleportation {unknown}
 U - a scroll of identify {unknown}
 Z - 2 scrolls of blinking {unknown}
Potions
 x - 2 potions of heal wounds {unknown}
 D - a potion of lignification {unknown}
 F - a potion of curing {unknown}
 G - a potion of mutation {unknown}
 M - a potion of magic {unknown}
 N - 4 potions of might {unknown}
 O - a potion of brilliance {unknown}
 S - 5 potions of flight
 T - a potion of agility {unknown}
 V - 2 potions of degeneration {unknown}
 Y - a potion of invisibility {unknown}
Comestibles
 e - 3 bread rations {@e1}
 z - a meat ration {@e2}
 I - 2 chunks of flesh
 L - a fruit
 W - 2 royal jellies


   Skills:
 + Level 4.6 Fighting
 * Level 2.9 Short Blades
 - Level 1.7 Throwing
 + Level 1.6 Dodging
 + Level 4.5 Stealth
 + Level 1.1 Shields


You had 5 spell levels left.
You didn't know any spells.

Dungeon Overview and Level Annotations

Branches:
Dungeon (4/15)
 Temple: D:4-7

Altars:

Shops:
D:4 (*

Annotations:
D:4 Eustachio, Ijyb


Innate Abilities, Weirdness & Mutations

You are partially covered in molten scales. (AC +2)
You are slightly more attuned to the shadows.
When hurt, damage is shared between your health and your magic reserves.


Message History

No reachable target in view!
No reachable target in view!
No reachable target in view!
No reachable target in view!
No reachable target in view!
No reachable target in view!
No reachable target in view!
No reachable target in view!
No reachable target in view!
No reachable target in view!
No reachable target in view!
No reachable target in view!
No reachable target in view!
No reachable target in view!
No reachable target in view!
No reachable target in view!
No reachable target in view!
No reachable target in view!
No reachable target in view!
No reachable target in view!
No reachable target in view!
No reachable target in view!
No reachable target in view!
No reachable target in view!
No reachable target in view!
No reachable target in view!
No reachable target in view!
No reachable target in view!
No reachable target in view!
Unknown command.
No reachable target in view!
No reachable target in view!
No reachable target in view!
No reachable target in view!
No reachable target in view!
The bat hits you but does no damage. The bat misses you.
The bat hits you but does no damage.
You hit the bat.
You kill the bat!
No target in view!
You enter the shallow water.
Moving in this stuff is going to be slow.
You enter the shallow water.
Moving in this stuff is going to be slow.
You are feeling very hungry.
You enter the shallow water.
Moving in this stuff is going to be slow.
You enter the shallow water.
Moving in this stuff is going to be slow.
Key pressed, stopping travel.
Unknown command.
Key pressed, stopping travel.
Unknown command.
Unknown command.
There is a gate leading back out of this place here.
Unknown command.
Welcome back to the Dungeon!
Level annotation: exclusion: Eustachio, Eustachio
There is a collapsed entrance here.
You enter the shallow water.
Moving in this stuff is going to be slow.
There is an open door here.
Things that are here:
a rat skeleton x2
You enter the shallow water.
Moving in this stuff is going to be slow.
You see here a rat skeleton.
The hound is too close now for your liking.
The helpless hound fails to defend itself.
You impale the hound!!
You kill the hound!
You have reached level 6!
Your experience leads to an increase in your attributes!
Increase (S)trength, (I)ntelligence, or (D)exterity?
You feel agile.
Health restored: 49; MP restored: 6 You butcher the hound corpse.
I - 3 chunks of flesh Eating one of 3 chunks of flesh.
You eat one of the 3 chunks of flesh.
This raw flesh tastes terrible.
Marking area around Ijyb as unsafe for travelling.
Ijyb the Twisted Goblin comes into view.
She is wielding a club.
Unknown command.
Ijyb shouts!
You closely miss Ijyb. You hit Ijyb but do no damage.
Ijyb zaps a wand.
The bolt of acid hits you!
You are splashed with acid!
The acid burns!
It is a wand of acid (?/15).
You take 21 damage, and have 28/49 hp.
MASSIVE DAMAGE!!
You now have 4/6 mp.
You are too injured to fight recklessly!
You are too injured to fight recklessly!
You aren't carrying any items that you can evoke.
Unknown command.
Wield which item (- for none, * to show all)? (? for menu, Esc to quit)
w - a +0 blowgun (weapon)
{@w1} Ijyb screams, "I cut your head off!"
Ijyb zaps a wand.
The bolt of acid hits you!
* * * LOW HITPOINT WARNING * * *
The acid corrodes you!
You are splashed with acid!
The acid burns!
You die...

..§....··▓·▓ ▓·▓▓▓·▓█.....█▓█
█∆█████··▓·▓ ▓▓▓▓▓··▓▓·▓█.....█..
█.█████.·▓·███.········▓█.....█.█
.........···..█▓▓▓▓·██.██..█..█..
█....W██.█·▓█.█ ▓.██....<......
█.....██.█.██.█████.█............
█.....██.█.................█.>...
█.....██.████...........█..█...∩█
█.....██........@g$.██..█..█.....
█.██████..█............·.........
█.█ █..███?.......█...........
█.██████..███.█...█....·......███
.......................·.........
████████......█.█.██...▓██.██....
██.......█.█▓·..▓ █.·.·███
███████▓▓·▓▓···▓ ▓·▓▓·▓
▓········▓▓▓·▓▓·▓


You could see Ijyb.

Vanquished Creatures
  A hound (D:4)
  Terence (D:2)
  8 adders
  8 oozes
  7 worms
  3 dart slugs
  3 leopard geckos
  8 giant cockroaches
  4 goblins
  7 hobgoblins
  9 jackals
  12 kobolds
  5 quokkas
  3 ball pythons
  10 bats
  7 frilled lizards
  10 rats
106 creatures vanquished.

Notes
Turn   | Place    | Note
-------+----------+-------------------------------------------
     0 | D:1      | Goblin1989 the Demonspawn Assassin began the quest for the Orb.
     0 | D:1      | Reached XP level 1. HP: 16/16 MP: 1/1
   384 | D:1      | Gained mutation: When hurt, damage is shared between your health and your magic reserves. [demonic ancestry]
   384 | D:1      | Reached XP level 2. HP: 11/23 MP: 2/2
  1024 | D:1      | Gained mutation: You are slightly more attuned to the shadows. [demonic ancestry]
  1024 | D:1      | Reached XP level 3. HP: 29/29 MP: 3/3
  1903 | D:2      | Noticed Terence
  1999 | D:2      | Killed Terence
  1999 | D:2      | Gained mutation: You are partially covered in molten scales. (AC +2) [demonic ancestry]
  1999 | D:2      | Reached XP level 4. HP: 11/37 MP: 4/4
  2872 | D:2      | Reached skill level 1 in Dodging
  3260 | D:3      | Reached XP level 5. HP: 40/43 MP: 5/5
  4110 | D:4      | Found Caseet's Assorted Antiques.
  4117 | D:4      | Bought a buckler for 112 gold pieces
  4200 | D:4      | Noticed Eustachio
  4257 | D:4      | Noticed a phantom
  4315 | D:4      | Noticed a phantom
  4317 | D:4      | Found Wyme's Antique Weapon Shop.
  4444 | D:4      | Found a glowing drain.
  4461 | Sewer    | Entered a sewer
  5032 | Sewer    | Reached skill level 1 in Shields
  5580 | D:4      | Reached XP level 6. HP: 49/49 MP: 6/6
  5590 | D:4      | Noticed Ijyb
  5597 | D:4      | Splashed by Ijyb's acid

Vault maps used:
D:1:      shiori_arrival_maze, minmay_stone_trees_medium
D:2:      uniq_terence
D:3:      first_bread, serial_bayou_crossing
D:4:      portal_sewer_entry_e, serial_shops, shop, nicolae_shop_trees, shop,
          uniq_eustachio, uniq_ijyb
Sewer:    sewer_fruit_machine

Skill      XL: |  1  2  3  4  5 |
---------------+----------------+-----
Fighting       | 3 4 |  4.6
Stealth        | 4 |  4.5
Short Blades   | 2 |  2.9
Dodging        | 1 |  1.6
Shields        | 1 |  1.1
Throwing       | |  1.7

Action                   |  1- 3 |  4- 6 || total
-------------------------+-------+-------++-------
Melee: Dagger            |   109 |   330 ||   439
 Fire: Blowgun           |    14 |    36 ||    50
  Use: Scroll            |       |     5 ||     5
       Potion            |       |     1 ||     1
 Stab: Sleeping          |     9 |    14 ||    23
       Distracted        |       |     1 ||     1
  Eat: Chunk             |     3 |    12 ||    15
Armor: Robe              |    32 |   124 ||   156
Dodge: Dodged            |    69 |   214 ||   283
Block: Buckler           |       |    31 ||    31

Vault maps used:
D:1:      shiori_arrival_maze, minmay_stone_trees_medium
D:2:      uniq_terence
D:3:      first_bread, serial_bayou_crossing
D:4:      portal_sewer_entry_e, serial_shops, shop, nicolae_shop_trees, shop,
          uniq_eustachio, uniq_ijyb
Sewer:    sewer_fruit_machine
